 Dungeon Crawl Stone Soup version 0.15-a0-1004-gbf4e2e6 (console) character file.

29 Kellhus the Magician (level 3, -6/24 HPs)
             Began as a Demonspawn Wizard on May 25, 2014.
             Mangled by Crazy Yiuf
             ... wielding a +2,+3 quarterstaff of chaos
              (14 damage)
             ... on Level 2 of the Dungeon.
             The game lasted 00:02:15 (1236 turns).

Kellhus the Magician (Demonspawn Wizard)            Turns: 1236, Time: 00:02:15

HP  -6/24        AC  2     Str  7      XL: 3   Next:  1%
MP   1/7         EV 12     Int 20      God:
Gold 53          SH  0     Dex 11      Spells:  1 memorised,  7 levels left

rFire  . . .     SeeInvis .     (no weapon)
rCold  + . .     Clarity  .     a - +0 robe
rNeg   . . .     Conserve .     (no shield)
rPois  .         rCorr    .     b - +0 hat
rElec  .         rRot     .     (no cloak)
SustAb .         Spirit   .     (no gloves)
rMut   .         Warding  .     (no boots)
Gourm  .         Stasis   .     (no amulet)
MR     .....                    (no ring)
                                (no ring)

@: not resistant to hostile enchantments, unstealthy
A: cold resistance 1
a: no special abilities


You were on level 2 of the Dungeon.
You were hungry.

You visited 1 branch of the dungeon, and saw 2 of its levels.

You collected 53 gold pieces.

Inventory:

Armour
 a - a +0 robe (worn)
 b - a +0 hat (worn)
Comestibles
 d - 2 bread rations
 i - a choko
 l - a rotting chunk of adder flesh
Scrolls
 e - a scroll of magic mapping {unknown}
 f - 3 scrolls of identify {unknown}
 j - a scroll of enchant armour {unknown}
Potions
 g - 3 potions of curing
 h - a potion of brilliance {unknown}
 k - a potion of magic {unknown}
Books
 c - a book of Minor Magic

   Spells                             Type                      Level
   *Magic Dart                        Conjuration                  1
   Blink                              Translocation                2
   Call Imp                           Summoning                    2
   Repel Missiles                     Charms/Air                   2
   Slow                               Hexes                        2
   Conjure Flame                      Conjuration/Fire             3
   Mephitic Cloud                     Conjuration/Poison/Air       3


   Skills:
 - Level 1.7 Dodging
 - Level 1.7 Stealth
 - Level 3.0 Spellcasting
 + Level 3.0 Conjurations
   Level 1.0 Summonings
   Level 0.8 Translocations


You had 7 spell levels left.
You knew the following spells:

 Your Spells              Type           Power        Failure   Level  Hunger
a - Magic Dart            Conj           ###.         4%          1    None


Dungeon Overview and Level Annotations

Branches:
Dungeon (2/15)

Altars:

Annotations:
D:2 Crazy Yiuf


Innate Abilities, Weirdness & Mutations

Your flesh is cold resistant.


Message History

Confirm with . or Enter, or press ? or * to list all spells.
Aiming: Magic Dart
Press: ? - help, Shift-Dir - straight line, f/p - Crazy Yiuf
Aim: Crazy Yiuf, wielding a quarterstaff of chaos and wearing a cloak (heavily wounded)
The magic dart hits Crazy Yiuf.
Crazy Yiuf is heavily wounded.
Casting: Magic Dart
Confirm with . or Enter, or press ? or * to list all spells.
Aiming: Magic Dart
Press: ? - help, Shift-Dir - straight line, f/p - Crazy Yiuf
Aim: Crazy Yiuf, wielding a quarterstaff of chaos and wearing a cloak (heavily wounded)
The magic dart hits Crazy Yiuf.
Crazy Yiuf is severely wounded.
Crazy Yiuf hits you with a quarterstaff of chaos!
Ouch! That really hurt!
Things that are here:
a club; a rotting goblin corpse Crazy Yiuf hits you with a quarterstaff of chaos!
Ouch! That really hurt!
You die...

#.......# #..## #>####..# #...#
#.......# #.#.# # #.......#
#.#.##.# ####♣♣
#.#####.###...... ##....♣♣ #. #
##..........### #......♣♣♣♣...
#.............# #.......♣..♣
........##.)###.####.#....♣.♣♣♣
#<......##......@g)...##♣♣♣♣♣
#.....###..#....###..#
#...####........##..#
#.........#.....##.##
..#####..##.#..##.#
#..##.......# #........####
#####.##.# #######
..######.......# #..)..#


You could see Crazy Yiuf.

Vanquished Creatures
  An adder (D:2)
  2 bats (D:1)
  2 giant cockroaches (D:1)
  3 hobgoblins (D:1)
  A kobold (D:2)
  A ball python (D:1)
  3 goblins (D:2)
  5 rats (D:1)
18 creatures vanquished.

Notes
Turn   | Place    | Note
--------------------------------------------------------------
     0 | D:1      | Kellhus, the Demonspawn Wizard, began the quest for the Orb.
     0 | D:1      | Reached XP level 1. HP: 13/13 MP: 4/4
     2 | D:1      | Noticed a shark
   524 | D:1      | Gained mutation: Your flesh is cold resistant. [demonic ancestry]
   524 | D:1      | Reached XP level 2. HP: 19/19 MP: 3/6
  1133 | D:2      | Reached XP level 3. HP: 18/24 MP: 3/7
  1196 | D:2      | Noticed Crazy Yiuf
  1236 | D:2      | Mangled by Crazy Yiuf

Action                   || total
-------------------------++-------
Melee: Unarmed           ||    18
 Cast: Magic Dart        ||    56
  Use: Potion            ||     1
